 Dungeon Crawl Stone Soup version 0.18.1-1-g2f07953 (webtiles) character file.

70947 EveningNews the Bludgeoner (level 15, -2/88 HPs)
             Began as a Gargoyle Berserker on May 6, 2016.
             Was the Champion of Trog.
             Splashed with acid (8 damage)
             ... on level 1 of the Pits of Slime on May 7, 2016.
             The game lasted 01:56:31 (24963 turns).

EveningNews the Bludgeoner (Gargoyle Berserker)    Turns: 24963, Time: 01:56:32

Health: -2/88      AC: 36    Str: 26    XL:     15   Next: 35%
Magic:  0/15       EV: 10    Int:  9    God:    Trog [******]
Gold:   1757       SH:  0    Dex: 14    Spells: 0 memorised, 14 levels left

rFire  + . .     SeeInvis .     a - +9 great mace (venom)
rCold  . . .     Gourm    .     z - +1 plate armour {rF+}
rNeg   + . .     Faith    .     (shield currently unavailable)
rPois  ∞         Spirit   +     L - +0 hat {MR+}
rElec  +         Dismiss  .     c - +0 cloak
rCorr  .         Reflect  .     l - +0 pair of gloves
SustAt .         Harm     .     G - +1 pair of boots
MR     ++...                    U - amulet of guardian spirit
Stlth  ..........               X - +5 ring of strength
                                P - +3 ring of protection

@: flying, very resistant to hostile enchantments, extremely unstealthy
A: big wings, repulsion field 1, negative energy resistance 1, electricity
resistance, unbreathing, petrification resistance, rot immunity, AC +11
a: Stop Flying, Berserk, Trog's Hand, Brothers in Arms, Burn Spellbooks,
Renounce Religion


You were on level 1 of the Pits of Slime.
You worshipped Trog.
Trog was exalted by your worship.
You were not hungry.

You visited 3 branches of the dungeon, and saw 21 of its levels.

You collected 1988 gold pieces.
You spent 231 gold pieces at shops.

Inventory:

Hand Weapons
 a - a +9 great mace of venom (weapon)
 b - a +1 longbow of flaming
 v - a +3 dire flail of protection
 x - the +7 lajatang of Courage {speed, *Rage rF++ MR++, unknown}
   (Trog gifted it to you on level 8 of the Lair of Beasts)

   Attacks with this weapon are significantly faster.
   It greatly protects you from fire.
   It affects your resistance to hostile enchantments.
   It may make you go berserk in combat.
 Y - a +1 arbalest of freezing
Missiles
 j - 114 bolts
 K - 303 arrows
Armour
 c - a +0 cloak (worn)
 l - a +0 pair of gloves (worn)
 z - a +1 plate armour of fire resistance (worn)
 B - a +4 ring mail
 F - a fire dragon hide
 G - a +1 pair of boots (worn)
 L - a +0 hat of magic resistance (worn)
Jewellery
 k - a +2 amulet of reflection {unknown}
 P - a +3 ring of protection (left hand)
 U - an amulet of guardian spirit (around neck)
 X - a +5 ring of strength (right hand)
Wands
 h - a wand of flame (35/48)
 o - a wand of flame (19/48)
 t - a wand of iceblast (11/15)
 y - a wand of flame (42/48)
 E - a wand of flame (35/48)
 H - a wand of iceblast (3/15)
 R - a wand of slowing (35/48)
 T - a wand of confusion (27/48)
Scrolls
 e - 5 scrolls of magic mapping
 f - 3 scrolls of summoning
 i - 7 scrolls of recharging
 m - 5 scrolls of enchant armour
 q - 13 scrolls of remove curse
 r - 5 scrolls of blinking
 s - a scroll of fog
 A - 2 scrolls of teleportation
 J - 3 scrolls of fear
 S - 2 scrolls of identify
Potions
 d - 2 potions of haste
 n - a potion of heal wounds
 p - 2 potions of ambrosia
 u - a potion of beneficial mutation {unknown}
 w - 3 potions of agility
 D - 2 potions of flight
 M - a potion of might
 N - a potion of brilliance
 W - 6 potions of curing
Miscellaneous
 Z - a stone of tremors
Comestibles
 g - 2 royal jellies
 C - 5 meat rations
 I - 4 slices of pizza
 O - 4 beef jerkies
 Q - 10 fruits
 V - 4 bread rations


   Skills:
 - Level 8.1 Fighting
 - Level 20.4 Maces & Flails
 - Level 7.1 Bows
 + Level 12.8 Armour
 - Level 1.7 Dodging


You had 14 spell levels left.
You didn't know any spells.

Dungeon Overview and Level Annotations

Branches:
Dungeon (12/15)            Temple (0/1) D:5            Lair (8/8) D:9
 Spider (0/4) Lair:6        Slime (1/6) Lair:8          Orc (0/2) D:12
  Swamp: Lair:3-6    Shoals: Lair:3-6

Altars:
Cheibriados
Elyvilon
Fedhas
Kikubaaqudgha
Makhleb
Okawaru
Qazlal
Vehumet
Yredelemnul
Zin
Jiyva

Shops:
D:5 =   D:7 }   D:11 }**

Annotations:
D:12 Frances, Nessos
Lair:1 exclusion: oklob plant


Innate Abilities, Weirdness & Mutations

You are resistant to torment.
Your stone body is resilient (AC +11).
You are immune to poison.
Your large and strong wings let you fly indefinitely.
You resist negative energy.
You are resistant to electric shocks.
You can survive without breathing.
You are immune to petrification.
You are immune to rotting.
You are surrounded by a mild repulsion field (EV +2).


Message History

You enter the shallow water.
Moving in this stuff is going to be slow.
There is a staircase to the Slime Pits here.
You climb downwards.
Welcome to the Pits of Slime!
This branch contains the slimy rune of Zot.
A jelly comes into view.
The jelly quivers.
There is a staircase back to the Lair here.
You sock the jelly!
You kill the jelly!
Trog accepts your kill. The walls burn you! The walls burn you!
The walls burn you! The walls burn you!
* * * LOW HITPOINT WARNING * * *
You fly up into the air.
You feel somewhat more hungry. The walls burn you!
* * * LOW HITPOINT WARNING * * *
The walls burn you!
You die...

#.# .. ...
... #.###
.... ##.#.##
....##.....#
..........#
.........#
.......<.#
.......@.#
......#.##
..#..#...#
.....##.##
.... #.# ..#
... .. ..#
.### #


There were no monsters in sight!

Vanquished Creatures
  Gastronok (D:11)
  Kirke (Lair:5)
  Maud (Lair:5)
  A fire dragon (Lair:8)
  An ice dragon (Lair:8)
  8 hydras
  4 death yaks (Lair:8)
  Urug (D:12)
  An unseen horror (D:11)
  3 lindwurms (Lair:8)
  2 hill giants
  2 manticores
  2 wolf spiders (Lair:8)
  A griffon (Lair:6)
  2 hornets (Lair:8)
  2 cyclopes (D:11)
  11 elephants
  A guardian serpent (Lair:8)
  6 torpor snails (Lair:8)
  14 black mambas
  2 gargoyles (D:11)
  20 spiny frogs
  6 rime drakes
  9 komodo dragons
  2 two-headed ogres (D:11)
  A polar bear (Lair:6)
  A troll (D:9)
  4 giant leeches (Lair:8)
  5 boulder beetles
  16 blink frogs
  A redback (Lair:6)
  13 wyverns
  A hungry ghost (D:7)
  27 yaks
  2 hogs (Lair:5)
  2 humans
  13 hippogriffs
  10 basilisks
  A warg (D:11)
  A soldier ant (D:11)
  A hell hound (Lair:6)
  21 water moccasins
  21 porcupines
  3 orc warriors
  7 wasps
  3 ice beasts
  3 sky beasts
  3 black bears
  3 ogres
  10 wolves
  A necrophage (D:12)
  A phantom (D:5)
  18 crocodiles
  6 centaurs
  9 big kobolds
  10 giant frogs
  4 scorpions
  A wyvern skeleton (D:10)
  12 killer bees
  4 crimson imps
  A howler monkey (D:6)
  A quasit (D:11)
  A giant frog zombie (D:11)
  A human zombie (D:3)
  5 jellies
  7 hounds
  Crazy Yiuf (D:6)
  6 orc priests
  A centaur skeleton (D:7)
  3 iguanas
  16 worker ants
  21 orc wizards
  51 sheep
  A hound zombie (D:8)
  2 hound skeletons (D:7)
  A worker ant zombie (D:5)
  A howler monkey zombie (D:11)
  2 gnolls (D:4)
  16 adders
  54 river rats
  A white imp (Lair:8)
  2 oozes (D:3)
  20 worms
  2 dart slugs
  9 giant geckos
  44 orcs
  5 bats
  7 giant cockroaches
  8 goblins
  9 hobgoblins
  9 jackals
  5 quokkas
  2 giant gecko skeletons
  A giant gecko zombie (D:6)
  8 giant newts
  A jackal zombie (D:3)
  43 kobolds
  A quokka skeleton (D:9)
  7 rats
  2 fungi
  9 plants
730 creatures vanquished.

Vanquished Creatures (collateral kills)
  The ghost of Svalin the Severer, a journeyman HOBe of Trog (Lair:8)
  A hog (Lair:5)
2 creatures vanquished.

Vanquished Creatures (others)
  A warg (D:12)
  16 fungi
  22 plants
39 creatures vanquished.

Grand Total: 771 creatures vanquished

Notes
Turn   | Place    | Note
--------------------------------------------------------------
     0 | D:1      | EveningNews the Gargoyle Berserker began the quest for the Orb.
     0 | D:1      | Reached XP level 1. HP: 14/14 MP: 1/1
   333 | D:1      | Reached XP level 2. HP: 16/19 MP: 2/2
   633 | D:1      | Reached ** piety under Trog
   913 | D:2      | Reached XP level 3. HP: 15/24 MP: 3/3
  1903 | D:3      | Reached XP level 4. HP: 29/30 MP: 4/4
  2126 | D:3      | Reached skill level 4 in Maces & Flails
  2373 | D:3      | Reached XP level 5. HP: 25/34 MP: 5/5
  2697 | D:3      | Found a runed door.
  2697 | D:3      | Noticed a human
  2712 | D:3      | Reached skill level 5 in Fighting
  2717 | D:3      | Found a basalt altar of Yredelemnul.
  2723 | D:3      | Reached *** piety under Trog
  2750 | D:3      | HP: 1/52 [human (3)]
  2751 | D:3      | Killed a human
  2751 | D:3      | Reached skill level 5 in Maces & Flails
  2751 | D:3      | Reached XP level 6. HP: 1/41 MP: 6/6
  3743 | D:4      | Reached XP level 7. HP: 17/47 MP: 7/7
  4017 | D:4      | Reached skill level 6 in Maces & Flails
  4229 | D:4      | Reached **** piety under Trog
  4681 | D:4      | Reached XP level 8. HP: 43/53 MP: 8/8
  4910 | D:4      | Reached skill level 7 in Maces & Flails
  5125 | D:5      | Entered Level 5 of the Dungeon
  5394 | D:5      | Found Gisudgh's Jewellery Emporium.
  5402 | D:5      | Bought a +3 ring of protection for 231 gold pieces
  5514 | D:5      | Found a staircase to the Ecumenical Temple.
  5674 | D:5      | Found an iron altar of Okawaru.
  5733 | D:5      | Reached skill level 5 in Armour
  6092 | D:6      | Found a white marble altar of Elyvilon.
  6130 | D:6      | Reached XP level 9. HP: 59/59 MP: 9/9
  6169 | D:6      | Noticed Crazy Yiuf
  6178 | D:6      | Killed Crazy Yiuf
  6178 | D:6      | Reached ***** piety under Trog
  6536 | D:6      | Gained mutation: You are surrounded by a mild repulsion field (EV +2). [mutagenic meat]
  6537 | D:6      | Gained mutation: Your muscles are strong. (Str +2) [mutagenic meat]
  6538 | D:6      | Gained mutation: You have a pair of small antennae on your head. [mutagenic meat]
  6539 | D:6      | Gained mutation: You have a pair of antennae on your head. [mutagenic meat]
  7030 | D:7      | Found a stormy altar of Qazlal.
  7174 | D:7      | Found Joyp Git's Gadget Shop.
  7351 | D:7      | Reached skill level 8 in Maces & Flails
  7952 | D:7      | Found a snail-covered altar of Cheibriados.
  7955 | D:7      | Found a radiant altar of Vehumet.
  7956 | D:7      | Found an ancient bone altar of Kikubaaqudgha.
  8002 | D:7      | Found an iron altar of Okawaru.
  8047 | D:8      | Reached skill level 9 in Maces & Flails
  9067 | D:9      | Received a gift from Trog
  9324 | D:9      | Reached skill level 10 in Maces & Flails
  9397 | D:9      | Reached XP level 10. HP: 62/64 MP: 10/10
  9498 | D:9      | Found a blossoming altar of Fedhas.
  9521 | D:9      | Reached skill level 11 in Maces & Flails
  9791 | D:9      | Found a burning altar of Makhleb.
  9792 | D:9      | Found a glowing silver altar of Zin.
  9834 | D:9      | Found a stormy altar of Qazlal.
 10164 | D:9      | Found a staircase to the Lair.
 10248 | Lair:1   | Entered Level 1 of the Lair of Beasts
 10360 | Lair:1   | Noticed an oklob plant
 10469 | Lair:1   | Noticed a six-headed hydra
 10487 | Lair:1   | Killed a seven-headed hydra
 10487 | Lair:1   | Reached skill level 12 in Maces & Flails
 10553 | Lair:1   | Noticed a spiny frog
 10561 | Lair:1   | Killed a spiny frog
 10620 | Lair:1   | Noticed a spiny frog
 10623 | Lair:1   | Killed a spiny frog
 10935 | Lair:2   | Reached skill level 13 in Maces & Flails
 10940 | Lair:2   | Reached XP level 11. HP: 62/68 MP: 11/11
 11313 | Lair:2   | Noticed a four-headed hydra
 11321 | Lair:2   | Killed a four-headed hydra
 11321 | Lair:2   | Reached skill level 14 in Maces & Flails
 11907 | Lair:2   | Reached skill level 15 in Maces & Flails
 11938 | Lair:2   | Received a gift from Trog
 12233 | Lair:2   | Reached skill level 1 in Bows
 12744 | Lair:3   | Reached XP level 12. HP: 68/73 MP: 12/12
 12799 | Lair:3   | Reached skill level 5 in Bows
 14269 | Lair:5   | Noticed Maud
 14809 | Lair:5   | Noticed Kirke
 14823 | Lair:5   | Killed Kirke
 14983 | Lair:5   | Reached skill level 16 in Maces & Flails
 15210 | Lair:4   | Gained mutation: You are resistant to hostile enchantments. [potion of mutation]
 15210 | Lair:4   | Gained mutation: You have sharp toenails. [potion of mutation]
 15212 | Lair:4   | Lost mutation: Your muscles are strong. (Str +2) [potion of cure mutation]
 15212 | Lair:4   | Lost mutation: You are resistant to hostile enchantments. [potion of cure mutation]
 15212 | Lair:4   | Lost mutation: You have a pair of antennae on your head. [potion of cure mutation]
 15212 | Lair:4   | Lost mutation: You have sharp toenails. [potion of cure mutation]
 15212 | Lair:4   | Lost mutation: You have a pair of small antennae on your head. [potion of cure mutation]
 16123 | D:10     | Entered Level 10 of the Dungeon
 17347 | D:11     | Noticed Gastronok
 17369 | D:11     | Killed Gastronok
 17536 | D:11     | Found Ylyel's Assorted Antiques.
 17548 | D:11     | Received a gift from Trog
 17595 | D:11     | Noticed Urug
 17609 | D:11     | Reached XP level 13. HP: 78/78 MP: 13/13
 17639 | D:11     | Found Qiurch's General Store.
 17641 | D:11     | Reached skill level 17 in Maces & Flails
 18000 | D:11     | Received a gift from Trog
 18052 | D:11     | Found Kirgh's Gadget Shop.
 18501 | D:12     | Found a staircase to the Orcish Mines.
 18501 | D:12     | Noticed Nessos
 18597 | D:12     | Killed Urug
 18814 | D:12     | Identified a scroll of acquirement
 19022 | D:12     | Noticed Frances
 19237 | Lair:5   | Killed Maud
 19237 | Lair:5   | Reached skill level 18 in Maces & Flails
 20297 | Lair:6   | Found a hole to the Spider Nest.
 20314 | Lair:6   | Received a gift from Trog
 20530 | Lair:6   | Reached skill level 19 in Maces & Flails
 20691 | Lair:6   | Gained mutation: Your large and strong wings let you fly indefinitely. [Gargoyle growth]
 20691 | Lair:6   | Reached XP level 14. HP: 72/84 MP: 12/14
 21552 | Lair:7   | Reached ****** piety under Trog
 21719 | Lair:7   | Reached skill level 20 in Maces & Flails
 21826 | Lair:7   | Received a gift from Trog
 22570 | Lair:8   | Entered Level 8 of the Lair of Beasts
 22629 | Lair:8   | Found a viscous altar of Jiyva.
 22629 | Lair:8   | Found a staircase to the Slime Pits.
 23185 | Lair:8   | Received a gift from Trog
 23188 | Lair:8   | Got an iridescent lajatang {god gift}
 23215 | Lair:8   | Reached skill level 10 in Armour
 23245 | Lair:8   | Noticed Svalin's ghost (journeyman HOBe)
 23631 | Lair:8   | Reached XP level 15. HP: 85/88 MP: 15/15
 23736 | Lair:8   | Killed Svalin's ghost
 24447 | Lair:8   | Found a runed door.
 24481 | Lair:8   | Received a gift from Trog
 24956 | Slime:1  | Entered Level 1 of the Pits of Slime
 24963 | Slime:1  | Splashed with acid

Skill      XL: |  1  2  3  4  5  6  7  8  9 10 11 12 13 14 15 |
---------------+----------------------------------------------+-----
Fighting       | 4 5 6 7 8 |  8.1
Maces & Flails | 4 5 6 7 10 13 15 16 19 20 | 20.4
Armour         | 6 7 10 12 | 12.8
Bows           | 4 7 |  7.1
Dodging        | |  1.7

Action                   |  1- 3 |  4- 6 |  7- 9 | 10-12 | 13-15 || total
-------------------------+-------+-------+-------+-------+-------++-------
Melee: Mace              |   110 |   273 |   642 |       |       ||  1025
       Great mace        |       |       |     9 |   516 |  1021 ||  1546
 Fire: Shortbow          |       |       |       |     5 |       ||     5
       Longbow           |       |       |       |    25 |    54 ||    79
Throw: Tomahawk          |       |     2 |     5 |       |       ||     7
Invok: Berserk           |     1 |     3 |     4 |     2 |       ||    10
       Burn Spellbooks   |       |       |     2 |     4 |     2 ||     8
       Brothers in Arms  |       |       |       |     3 |     1 ||     4
 Abil: Fly               |       |       |       |       |     3 ||     3
       Stop Flying       |       |       |       |       |     2 ||     2
  Use: Potion            |       |       |     1 |    15 |     4 ||    20
       Scroll            |       |       |     4 |    17 |    18 ||    39
 Stab: Sleeping          |     1 |     1 |       |       |       ||     2
       Distracted        |       |     1 |       |       |       ||     1
  Eat: Bread ration      |     1 |     1 |     3 |       |     2 ||     7
       Chunk             |       |     3 |    14 |    21 |     9 ||    47
       Pizza             |       |       |     2 |     2 |     3 ||     7
       Fruit             |       |       |       |     5 |     5 ||    10
Armor: Animal skin       |    37 |    90 |   115 |       |       ||   242
       Ring mail         |       |       |   177 |   303 |    78 ||   558
       Plate armour      |       |       |       |       |   664 ||   664
Dodge: Dodged            |    75 |   172 |   326 |   358 |   537 ||  1468
Block: Buckler           |       |    29 |    90 |       |       ||   119
